 Dungeon Crawl Stone Soup version 0.28-a0-1567-g1695149f81 (webtiles) character file.

Game seed: 1863247654105059418

640 dolemite99 the Cutter (level 7, -4/34 HPs)
             Began as a Vine Stalker Monk on Jan 20, 2022.
             Was a Plaything of Xom.
             Slain by a centaur warrior zombie (8 damage)
             ... on level 6 of the Dungeon.
             The game lasted 00:06:18 (4361 turns).

dolemite99 the Cutter (Vine Stalker Monk)           Turns: 4361, Time: 00:06:18

Health: -4/34      AC:  5    Str: 11 (14) XL:     7   Next: 51%
Magic:  0/8        EV: 12    Int:  5 (8)  God:    Xom [.*....]
Gold:   53         SH:  0    Dex: 13 (16) Spells: 6/6 levels left

rFire   . . .      SeeInvis .   a - +0 dagger (venom)
rCold   + . .      Faith    .   (no shield)
rNeg    . . .      Spirit   +   i - +2 leather armour {rC+}
rPois   .          Reflect  .   (no helmet)
rElec   .          Harm     .   (no cloak)
rCorr   .          Rampage  .   (no gloves)
Will    .....                   (no boots)
Stlth   ++........              (no amulet)
HPRegen 0.91/turn               (no ring)
MPRegen 0.11/turn               (no ring)

@: unable to read
A: fangs 2, regeneration 1, magic shield, antimagic bite, no potion heal 2,
dopey 1, frail 1, weak 1, inability to read while threatened
a: Renounce Religion


You were on level 6 of the Dungeon.
You worshipped Xom.
You were a plaything of Xom.
You visited 1 branch of the dungeon, and saw 5 of its levels.

You collected 113 gold pieces.
You spent 60 gold pieces at shops.

Inventory:

Hand Weapons
 a - a +0 dagger of venom (weapon)
 b - a +0 shortbow
 g - a +1 short sword
 n - a +1 dagger
Missiles
 e - 2 poisoned darts
 f - 131 stones (quivered)
 j - 3 datura-tipped darts
 m - 9 arrows
 q - 2 curare-tipped darts
 r - a boomerang
Armour
 i - a +2 leather armour of cold resistance (worn)
Scrolls
 d - a scroll of fog
 l - 3 scrolls of teleportation
Potions
 c - a potion of resistance {unknown}
 h - a potion of degeneration
 k - a potion of magic
 o - a potion of curing {unknown}
 p - a potion of invisibility {unknown}


   Skills:
 + Level 4.6 Fighting
 * Level 6.7 Short Blades
 - Level 2.4 Dodging
 - Level 2.4 Stealth


You had 6 spell levels left.
You didn't know any spells.
Your spell library contained the following spells:

 Spells                   Type           Power      Damage    Failure   Level
 Animate Skeleton         Necr           0%         N/A       56%         1
 Pain                     Necr           0%         1d4       56%         1
 Vampiric Draining        Necr           0%         2d6       91%         3


Dungeon Overview and Level Annotations

Branches:
Dungeon (4/15)
 Temple: D:4-7

Altars:
Kikubaaqudgha
Xom

Shops:
D:2 ([[**


Innate Abilities, Weirdness & Mutations

You have extremely sharp teeth.
Your natural rate of healing is unusually fast.
When hurt, damage is shared between your health and your magic reserves.
Your bite disrupts and absorbs the magic of your enemies.
Potions cannot restore your health.
You are dopey. (Int -2)
You are frail. (-10% HP)
You are weak. (Str -2)
You sometimes lose the ability to read scrolls when taking damage.


Message History

There is an ancient bone altar of Kikubaaqudgha here.
The centaur warrior zombie hits you but does no damage.
The centaur warrior zombie closely misses you.
The centaur warrior zombie hits you. The centaur warrior zombie kicks you.
* * * LOW HITPOINT WARNING * * *
"This might be better!"
The centaur warrior zombie suddenly seems more resistant.
Found a stone staircase leading up.
The centaur warrior zombie hits you.
* * * LOW HITPOINT WARNING * * *
The centaur warrior zombie closely misses you.
Xom asks Qazlal to spice things up a little.
There is a stone staircase leading up here.
The centaur warrior zombie hits you.
* * * LOW HITPOINT WARNING * * *
The centaur warrior zombie kicks you.
* * * LOW HITPOINT WARNING * * *
An ufetubus comes into view.
Found an ichor-stained falchion.
The centaur warrior zombie closely misses you.
The centaur warrior zombie kicks you.
* * * LOW HITPOINT WARNING * * *
The ufetubus shouts!
The ufetubus barely misses you. x2; The ufetubus hits you.
* * * LOW HITPOINT WARNING * * *
The ufetubus closely misses you. The ufetubus barely misses you.
The ufetubus misses you.
You can read scrolls again.
The ufetubus barely misses you.
The ufetubus hits you but does no damage.
The centaur warrior zombie hits you.
You feel threatened and lose the ability to read scrolls!
* * * LOW HITPOINT WARNING * * *
The centaur warrior zombie kicks you but does no damage.
You see here the +7 falchion "Cuyth" {freeze, rPois rC+ rN+}.
The ufetubus closely misses you. The ufetubus hits you.
* * * LOW HITPOINT WARNING * * *
The centaur warrior zombie hits you!
You die...
Xom guffaws!

...#.((....#.#
#.(...._.....#
#(.#.......###
##.....## ###...##
#.##.## #.##.#
########.##.#####
.......@)#......#
.#####.Z5#.####.####
#...#.##§§....#
...#..§#§##§#.##.#
#.....§§§§§#.# #
........§§####.#
#####...§.# #.#
....#.#.# #.#
#####.#.. ..#


You could see an ufetubus and a centaur warrior zombie (resistant).

Vanquished Creatures
  A sky beast (D:3)
  2 black bears
  A centaur (D:6)
  A scorpion (D:6)
  A bullfrog skeleton (D:4)
  An orc wizard (D:6)
  A hound skeleton (D:4)
  3 adders
  4 gnolls
  3 dart slugs
  4 orcs (D:6)
  4 endoplasms
  5 giant cockroaches
  5 hobgoblins
  2 kobolds
  2 quokkas
  10 ball pythons
  5 bats
  3 frilled lizards
  7 goblins
  A jackal skeleton (D:4)
  7 rats
73 creatures vanquished.

Vanquished Creatures (collateral kills)
  An iguana (D:3)
  An adder (D:2)
2 creatures vanquished.

Grand Total: 75 creatures vanquished

Notes
Turn   | Place    | Note
-------+----------+-------------------------------------------
     0 | D:1      | dolemite99 the Vine Stalker Monk began the quest for the
                  | Orb.
     0 | D:1      | Reached XP level 1. HP: 11/11 MP: 2/2
    15 | D:1      | Reached skill level 3 in Short Blades
    23 | D:1      | Reached XP level 2. HP: 11/16 MP: 3/3
    26 | D:1      | Found a faded altar of an unknown god.
    46 | D:1      | Prayed at the altar of an unknown god.
    46 | D:1      | Became a worshipper of Xom the Random Number God
   375 | D:1      | Reached XP level 3. HP: 19/19 MP: 4/4
  1138 | D:1      | XOM: silly message
  1184 | D:1      | Reached skill level 4 in Short Blades
  1558 | D:2      | XOM: polymorph adder -> bat
  1565 | D:2      | XOM: torment (7/19 hp)
  1849 | D:2      | Found Toofajot's Armour Shop.
  1983 | D:2      | XOM: silly message
  2016 | D:2      | Gained mutation: Your natural rate of healing is unusually
                  | fast. [Vine Stalker growth]
  2016 | D:2      | Reached XP level 4. HP: 23/23 MP: 5/5
  2045 | D:2      | Found Voshopt's Antique Armour Emporium.
  2233 | D:2      | Found Jiureser's General Store.
  2241 | D:2      | Bought a scroll of teleportation for 36 gold pieces
  2241 | D:2      | Bought a scroll of fog for 24 gold pieces
  2369 | D:2      | XOM: give mutations
  2369 | D:2      | Gained mutation: You are frail. (-10% HP) [Xom's mischief]
  2369 | D:2      | Gained mutation: You are agile. (Dex +2) [Xom's mischief]
  2369 | D:2      | Gained mutation: You are weak. (Str -2) [Xom's mischief]
  2494 | D:2      | Found Ymyuqyt's Antique Weapon Shoppe.
  2569 | D:2      | Reached XP level 5. HP: 25/25 MP: 6/6
  2631 | D:2      | XOM: god gift: 16 stones
  2700 | D:2      | Found Nyloenwe's General Store.
  2703 | D:2      | XOM: summons friendly iron imp
  2951 | D:3      | Noticed a sky beast
  2964 | D:3      | Killed a sky beast
  2965 | D:3      | Reached skill level 5 in Short Blades
  3101 | D:3      | Noticed a black bear
  3110 | D:3      | XOM: scenery: summon butterflies
  3123 | D:3      | Reached XP level 6. HP: 28/28 MP: 7/7
  3133 | D:3      | XOM: 5-stop teleportation journey
  3171 | D:3      | XOM: summons 3 friendly demons
  3186 | D:3      | XOM: draining
  3258 | D:3      | XOM is BORED!
  3258 | D:3      | XOM: give mutations
  3258 | D:3      | Gained mutation: You sometimes lose the ability to read
                  | scrolls when taking damage. [Xom's mischief]
  3258 | D:3      | Gained mutation: You are dopey. (Int -2) [Xom's mischief]
  3258 | D:3      | Lost mutation: You are agile. (Dex +2) [Xom's mischief]
  3275 | D:3      | XOM: swap monsters
  3281 | D:3      | XOM: chaos cloud
  3338 | D:3      | Killed a black bear
  3773 | D:4      | Noticed a black bear
  3811 | D:4      | Killed a black bear
  3812 | D:4      | Reached skill level 6 in Short Blades
  3812 | D:4      | Reached XP level 7. HP: 29/33 MP: 8/8
  3813 | D:4      | XOM: stat loss: -1 Int (7/8)
  3878 | D:4      | You fall into a shaft and drop 2 floors!
  4296 | D:6      | Found an ancient bone altar of Kikubaaqudgha.
  4296 | D:6      | XOM: 1-stop teleportation journey
  4349 | D:6      | XOM: enchant monster (bad)
  4353 | D:6      | XOM: fog
  4360 | D:6      | Identified the +7 falchion "Cuyth" {freeze, rPois rC+ rN+}
  4361 | D:6      | Slain by a centaur warrior zombie

Illustrated notes

Levels and vault maps discovered:
D:1:      saegor_arrival_miasma, layout_loops_ring,
          nicolae_ecumenical_snake_handling, minmay_misc_feat_encased,
          glass_columns_c
D:2:      layout_basic, serial_shops, shop, nicolae_lakefront_shop,
          shop_fountains, nicolae_shop_behind_doors, shop,
          kennysheep_generic_room_16
D:3:      layout_loops_ring, kennysheep_generic_room_9
D:4:      layout_basic, tso_metal_star, kennysheep_mini,
          minmay_increasing_density
D:6:      layout_loops_corners, lemuel_round_altar, minmay_temple_entry_grid

Skill      XL: |  1  2  3  4  5  6 |
---------------+-------------------+-----
Short Blades   | 3 4 5 6 |  6.7
Fighting       | 3 4 |  4.6
Dodging        | |  2.4
Stealth        | |  2.4

Action                   |  1- 3 |  4- 6 |  7- 9 || total
-------------------------+-------+-------+-------++-------
Melee: Short sword       |    70 |       |    16 ||    86
       Bite              |    28 |    55 |    37 ||   120
       Punch             |     3 |     7 |       ||    10
       Dagger            |    34 |   169 |    54 ||   257
 Fire: Shortbow          |       |       |     6 ||     6
Throw: Dart              |    37 |     2 |       ||    39
       Stone             |     7 |    29 |     4 ||    40
  Use: Scroll            |     1 |     5 |       ||     6
       Potion            |       |       |     1 ||     1
 Stab: Sleeping          |     1 |     1 |       ||     2
Armor: Robe              |     3 |       |       ||     3
       Leather armour    |    16 |    57 |    27 ||   100
       Ring mail         |    14 |       |       ||    14
Dodge: Dodged            |    74 |   102 |    41 ||   217

Table legend: (Time is in decaauts)
 A = Elapsed time spent in this place.
 B = Non-inter-level travel time spent in this place.
 C = Inter-level travel time spent in this place.
 D = Time resting spent in this place.
 E = Time spent auto-exploring this place.
 F = Levels seen in this place.
 G = Mean time per level.
                   A        B        C        D        E       F      G
               +--------+--------+--------+--------+--------+-----+--------+
         Total |   4291 |   4240 |     51 |   1184 |   2049 |   5 |  858.2 |
       Dungeon |   4291 |   4240 |     51 |   1184 |   2049 |   5 |  858.2 |
               +--------+--------+--------+--------+--------+-----+--------+

Top non-repeatable levels by time:
     D:1: 1753 daAuts
     D:2: 1078 daAuts
     D:3: 821 daAuts
     D:6: 462 daAuts
     D:4: 175 daAuts
